 Dungeon Crawl Stone Soup version 0.20.0-15-g7f486f2 (webtiles) character file.

721 Gargoyl the Chopper (level 7, 0/61 HPs)
             Began as a Minotaur Abyssal Knight on July 1, 2017.
             Was a Believer of Lugonu.
             Succumbed to Tutankhamun's ghost's poison
             ... on level 4 of the Dungeon.
             The game lasted 00:08:13 (3632 turns).

Gargoyl the Chopper (Minotaur Abyssal Knight)       Turns: 3632, Time: 00:08:15

Health: 0/61       AC: 14    Str: 17    XL:     7   Next: 42%
Magic:  8/8        EV:  8    Int:  9    God:    Lugonu [**....]
Gold:   161        SH:  0    Dex: 11    Spells: 6/6 levels left

rFire    . . .     SeeInvis .   a - +2 hand axe
rCold    . . .     Gourm    .   (no shield)
rNeg     . . .     Faith    .   p - +0 chain mail
rPois    .         Spirit   .   k - +1 hat
rElec    .         Reflect  .   e - +0 cloak
rCorr    .         Harm     .   h - +0 pair of gloves
MR       .....                  f - +0 pair of boots
Stlth    ..........             (no amulet)
Regen    0.2/turn               (no ring)
MPRegen  0.2/turn               (no ring)

@: lethally poisoned (0 -> -36)
A: retaliatory headbutt, horns 2
a: Depart the Abyss, Bend Space, Renounce Religion


You were on level 4 of the Dungeon.
You worshipped Lugonu.
Lugonu was pleased with you.
You were not hungry.

You visited 1 branch of the dungeon, and saw 5 of its levels.
You visited the Abyss 1 time.
You also visited: Ossuary.

You collected 161 gold pieces.

Inventory:

Hand Weapons
 a - a +2 hand axe (weapon)
Armour
 e - a +0 cloak (worn)
 f - a +0 pair of boots (worn)
 h - a +0 pair of gloves (worn)
 k - a +1 hat (worn)
 p - a +0 chain mail (worn)
Wands
 u - a wand of iceblast (6/15)
Scrolls
 i - a scroll of identify
 n - a scroll of fog
 q - 2 scrolls of remove curse
 r - a scroll of teleportation
 s - 2 scrolls of amnesia
Potions
 b - a potion of degeneration {unknown}
 d - a potion of curing
 o - a potion of haste
 t - a potion of lignification
Comestibles
 c - 6 bread rations
 g - 7 fruits
 j - a royal jelly
 l - 2 meat rations


   Skills:
 + Level 5.2 Fighting
 + Level 6.1 Axes
 * Level 5.6 Armour
 + Level 2.7 Dodging
 * Level 3.5 Invocations


You had 6 spell levels left.
You didn't know any spells.

Dungeon Overview and Level Annotations

Branches:
Dungeon (5/15)             Temple (0/1) D:4

Altars:
Dithmenos
Elyvilon
Kikubaaqudgha
Nemelex Xobeh
Ru

Shops:
D:4 [   D:5 (:

Annotations:
D:5 Tutankhamun's ghost, novice HaSk


Innate Abilities, Weirdness & Mutations

You reflexively headbutt those who attack you in melee.
You have a pair of horns on your head.


Message History

The scorpion stings you but does no damage.
You feel very sick.
You feel very sick.
You feel very sick.
You feel very sick.
* * * LOW HITPOINT WARNING * * *
You feel very sick.
* * * LOW HITPOINT WARNING * * *
You feel very sick.
* * * LOW HITPOINT WARNING * * *
You feel sick.
There is a stone staircase leading up here.
* * * LOW HITPOINT WARNING * * *
You feel very sick. Tutankhamun's ghost hits you!
* * * LOW HITPOINT WARNING * * *
You are more poisoned.
You climb upwards.
The ghost fades into the shadows.
Tutankhamun's ghost disappears!
You die...

#.#####
#..##.#.....⌠.⌠..#
...#
#...#.#..#.8.>.8.#
...#
##..#.#..#..⌠.⌠..##
...#
#....#..#.8.8.8..#
(..########
##...#..#........#
..........#
#...#..#####.#..#
...######.#
##..#..# #...##
#### #.# #..#..#
#.### #.#
#.@#..#####.# #.#
####........# #.#
######.####### #.#
#......# #.#
#.###### #.# #.#
#.# #.# #.####.#
#......#


There were no monsters in sight!

Vanquished Creatures
  An elf zombie (D:4)
  The ghost of cba the Ducker, an amateur FeBe of Trog (D:4)
  An elf skeleton (D:4)
  A hound (D:4)
  A bullfrog zombie (D:5)
  2 human skeletons (D:4)
  2 iguanas
  3 worker ants
  3 mummies (Ossuary)
  9 gnolls
  8 adders
  An ooze (D:4)
  2 worms
  A dart slug (D:1)
  5 leopard geckos
  An orc (D:3)
  5 bats
  3 giant cockroaches
  7 hobgoblins
  12 jackals
  2 quokkas
  6 frilled lizards
  9 goblins
  8 kobolds
  2 orc skeletons (D:4)
  7 rats
103 creatures vanquished.

Notes
Turn   | Place    | Note
-------+----------+-------------------------------------------
     0 | Abyss:1  | Gargoyl the Minotaur Abyssal Knight began the quest for the Orb.
     0 | Abyss:1  | Reached XP level 1. HP: 19/19 MP: 1/1
    76 | Abyss:2  | Noticed a tentacled starspawn
   131 | Abyss:4  | Noticed a wretched star
   131 | D:1      | Escaped the Abyss
   226 | D:1      | Reached XP level 2. HP: 27/27 MP: 2/2
   404 | D:1      | Reached * piety under Lugonu
   525 | D:1      | Reached skill level 3 in Axes
   525 | D:1      | Reached XP level 3. HP: 21/34 MP: 3/3
  1158 | D:2      | Reached XP level 4. HP: 34/41 MP: 4/4
  1310 | D:2      | Found a sparkling altar of Nemelex Xobeh.
  1449 | D:2      | Found an ancient bone altar of Kikubaaqudgha.
  1690 | D:3      | Found a white marble altar of Elyvilon.
  1699 | D:3      | Reached skill level 4 in Axes
  1703 | D:3      | Reached XP level 5. HP: 47/47 MP: 5/5
  1762 | D:3      | Reached ** piety under Lugonu
  2294 | D:4      | Noticed cba's ghost (amateur FeBe)
  2302 | D:4      | Killed cba's ghost
  2302 | D:4      | Reached XP level 6. HP: 46/55 MP: 7/7
  2305 | D:4      | Reached skill level 5 in Axes
  2358 | D:4      | Reached skill level 5 in Fighting
  2383 | D:4      | Found a sand-covered staircase.
  2398 | D:4      | Reached skill level 5 in Armour
  2402 | Ossuary  | Entered an ossuary
  2402 | Ossuary  | Noticed marsu's ghost (novice DrBe)
  2780 | D:4      | Reached XP level 7. HP: 57/61 MP: 8/8
  2835 | D:4      | Found a shadowy altar of Dithmenos.
  2870 | D:4      | Found a sacrificial altar of Ru.
  3065 | D:4      | Found Zeqa's Armour Shop.
  3258 | D:4      | Found a staircase to the Ecumenical Temple.
  3401 | D:5      | Entered Level 5 of the Dungeon
  3405 | D:5      | Found Fuzaun's Antique Weapon Emporium.
  3434 | D:5      | Found Bolaahug's Book Boutique.
  3438 | D:5      | Reached skill level 6 in Axes
  3614 | D:5      | Noticed Tutankhamun's ghost (novice HaSk)
  3632 | D:4      | Succumbed to Tutankhamun's ghost's poison

Skill      XL: |  1  2  3  4  5  6  7 |
---------------+----------------------+-----
Fighting       | 4 5 |  5.2
Axes           | 3 4 5 6 |  6.1
Armour         | 3 4 5 |  5.6
Invocations    | 2 3 |  3.5
Dodging        | 2 |  2.7

Action                   |  1- 3 |  4- 6 |  7- 9 || total
-------------------------+-------+-------+-------++-------
Melee: Hand axe          |    70 |   187 |    51 ||   308
       Headbutt          |     8 |    25 |    10 ||    43
Invok: Depart the Abyss  |     1 |       |       ||     1
  Use: Scroll            |     8 |     2 |     1 ||    11
       Potion            |       |     6 |       ||     6
 Stab: Invisible         |       |     2 |       ||     2
  Eat: Chunk             |       |     6 |     3 ||     9
Armor: Leather armour    |     5 |       |       ||     5
       Ring mail         |    33 |       |       ||    33
       Scale mail        |     9 |    61 |    10 ||    80
       Skin              |       |    31 |       ||    31
       Chain mail        |       |       |    33 ||    33
Dodge: Dodged            |    59 |    93 |    43 ||   195
